 Dungeon Crawl Stone Soup version 0.24.0-123-gd5b16e6ec5 (webtiles) character file.

Game seed: 16289678078432871743, levelgen mode: deterministic

148 Peloso the Shield-Bearer (level 5, -9/47 HPs)
             Began as a Minotaur Fighter on Feb 10, 2020.
             Mangled by an ogre
             ... wielding a +0 giant club
              (14 damage)
             ... on level 4 of the Dungeon.
             The game lasted 00:04:05 (2405 turns).

Peloso the Shield-Bearer (Minotaur Fighter)         Turns: 2405, Time: 00:04:06

Health: -9/47      AC: 11    Str: 25 (26) XL:     5   Next: 8%
Magic:  4/4        EV:  6    Int:  9 (10) God:
Gold:   195        SH: 10    Dex: 10      Spells: 4/4 levels left

rFire    . . .     SeeInvis .   a - +0 long sword
rCold    . . .     Gourm    .   c - +0 shield
rNeg     . . .     Faith    .   b - +0 chain mail
rPois    .         Spirit   .   (helmet restricted)
rElec    .         Reflect  .   k - +0 cloak
rCorr    .         Harm     .   (no gloves)
MR       .....                  j - +0 pair of boots (curse)
Stlth    ..........             (no amulet)
HPRegen  0.15/turn              (no ring)
MPRegen  0.09/turn              (no ring)

@: mighty, brilliant
A: retaliatory headbutt, horns 2
a: no special abilities


You were on level 4 of the Dungeon.
You were hungry.

You visited 1 branch of the dungeon, and saw 4 of its levels.

You collected 195 gold pieces.

Inventory:

Hand Weapons
 a - a +0 long sword (weapon)
Armour
 b - a +0 chain mail (worn)
 c - a +0 shield (worn)
 j - a cursed +0 pair of boots (worn)
 k - a +0 cloak (worn)
Scrolls
 e - 8 scrolls of identify {unknown}
 g - 2 scrolls of remove curse {unknown}
 h - a scroll of blinking {unknown}
 i - a scroll of enchant weapon {unknown}
 n - a scroll of immolation {unknown}
Potions
 m - a potion of invisibility
Comestibles
 f - 4 rations


   Skills:
 + Level 4.3 Fighting
 + Level 4.5 Long Blades
 + Level 4.2 Armour
 + Level 0.2 Dodging
 + Level 4.7 Shields


You had 4 spell levels left.
You didn't know any spells.
Your spell library contained the following spells:

 Spells                   Type           Power        Failure   Level  Hunger
 Beastly Appendage        Tmut           #.....       63%         1    ##.....
 Confusing Touch          Hex            #.....       63%         1    ##.....
 Sticks to Snakes         Tmut           #.......     75%         2    ###....
 Confuse                  Hex            #.......     91%         3    ####...
 Gell's Gravitas          Tloc           #.........   91%         3    ####...
 Spider Form              Tmut/Pois      #.........   91%         3    ####...
 Ice Form                 Ice/Tmut       #.......     99%         4    #####..
 Petrify                  Tmut/Erth      #.......     99%         4    #####..
 Blade Hands              Tmut           #.........   100%        5    ######.
 Metabolic Englaciation   Hex/Ice        #.........   100%        5    ######.
 Yara's Violent Unravell  Hex/Tmut       #.........   100%        5    ######.


Dungeon Overview and Level Annotations

Branches:
Dungeon (4/15)
 Temple: D:4-7

Altars:
Trog


Innate Abilities, Weirdness & Mutations

You reflexively headbutt those who attack you in melee.
You have a pair of horns on your head.


Message History

Your extra speed is starting to run out.
An ogre comes into view. It is wielding a +0 giant club.
The ogre shouts!
An ogre is nearby!
An ogre is nearby!
You feel very mighty all of a sudden.
You feel yourself slow down. The ogre hits you with a +0 giant club!
You hit the ogre.
The ogre is lightly wounded.
The ogre hits you with a +0 giant club!!
Ouch! That really hurt!
* * * LOW HITPOINT WARNING * * *
You closely miss the ogre.
The ogre is lightly wounded.
You block the ogre's attack.
You hit the ogre. You headbutt the ogre!
The ogre is severely wounded.
The ogre hits you with a +0 giant club!
You die...

.# .# # .# .#
.#..# .#..# # ...
...
#########.#..#
#......@O....#
##.######.#######
#.#....#........
#.#.#.........#
#.#.#.........#
#.............#
###.#.........#
#.#.....[...#
#.#.........#


You could see an ogre.

Vanquished Creatures
  Jessica (D:2)
  3 gnolls (D:3)
  An adder (D:2)
  An adder skeleton (D:4)
  2 dart slugs (D:2)
  4 leopard geckos
  2 orcs (D:3)
  4 bats
  6 giant cockroaches
  5 goblins
  9 hobgoblins
  5 jackals
  12 kobolds
  2 frilled lizards (D:3)
  10 rats
67 creatures vanquished.

Notes
Turn   | Place    | Note
-------+----------+-------------------------------------------
     0 | D:1      | Peloso the Minotaur Fighter began the quest for the Orb.
     0 | D:1      | Reached XP level 1. HP: 19/19 MP: 0/0
   107 | D:1      | Reached XP level 2. HP: 21/27 MP: 1/1
   579 | D:1      | Reached XP level 3. HP: 33/33 MP: 2/2
   844 | D:2      | Noticed Jessica
   854 | D:2      | Killed Jessica
   929 | D:2      | Reached XP level 4. HP: 40/40 MP: 3/3
   932 | D:2      | Found a bloodstained altar of Trog.
  1884 | D:3      | Reached XP level 5. HP: 47/47 MP: 4/4
  2396 | D:4      | Noticed an ogre
  2405 | D:4      | Mangled by an ogre

Levels and vault maps discovered:
D:1:      psy_arrival_fountain, layout_basic
D:2:      layout_loops_ring, lemuel_crystal_altar,
          ebering_dispersal_statue_hall, minmay_goblin_kobold_house,
          uniq_jessica
D:3:      layout_loops_ring, serial_park_tiny_2
D:4:      layout_basic, nicolae_ru_the_path_less_chosen

Skill      XL: |  1  2  3  4 |
---------------+-------------+-----
Shields        | 4 |  4.7
Armour         | 4 |  4.2
Fighting       | 4 |  4.3
Long Blades    | 3 4 |  4.5
Dodging        | |  0.2

Action                   |  1- 3 |  4- 6 || total
-------------------------+-------+-------++-------
Melee: Long sword        |    91 |    81 ||   172
       Headbutt          |    15 |    12 ||    27
  Use: Potion            |       |     6 ||     6
  Eat: Chunk             |       |     4 ||     4
Armor: Scale mail        |     8 |       ||     8
       Chain mail        |    40 |    42 ||    82
Dodge: Dodged            |    23 |    20 ||    43
Block: Shield            |    58 |    44 ||   102
       Rpst.: Long sword |     5 |     7 ||    12
